 Dungeon Crawl Stone Soup version 0.20-a0-950-g92a50c4 (webtiles) character file.

53 wingedge the Gusty (level 3, -1/19 HPs)
             Began as a Tengu Air Elementalist on Apr 4, 2017.
             Slain by an adder (3 damage)
             ... on level 2 of the Dungeon.
             The game lasted 00:13:36 (1638 turns).

wingedge the Gusty (Tengu Air Elementalist)         Turns: 1638, Time: 00:13:37

Health: -1/19      AC:  2    Str:  8    XL:     3   Next: 89%
Magic:  1/7        EV: 13    Int: 16    God:
Gold:   75         SH:  0    Dex: 14    Spells: 2/6 levels left

rFire    . . .     SeeInvis .   j - +0 hunting sling
rCold    . . .     Gourm    .   (no shield)
rNeg     . . .     Faith    .   a - +0 robe
rPois    .         Spirit   .   (helmet restricted)
rElec    .         Reflect  .   (no cloak)
rCorr    .         Harm     .   (no gloves)
MR       +....                  (boots unavailable)
Stlth    ++........             (no amulet)
Regen    0.1/turn               f - ring of protection from magic
MPRegen  0.1/turn               (no ring)

@: very slightly contaminated
A: beak, talons 3
a: no special abilities


You were on level 2 of the Dungeon.
You were very hungry.

You visited 1 branch of the dungeon, and saw 3 of its levels.

You collected 75 gold pieces.

Inventory:

Hand Weapons
 g - a +0 club
 j - a +0 hunting sling (weapon)
 l - a +0 short sword
 n - a +0 dagger
Missiles
 d - 53 stones (quivered)
Armour
 a - a +0 robe (worn)
Jewellery
 f - a ring of protection from magic (left hand)
Scrolls
 e - a scroll of identify
 i - a scroll of fog {unknown}
 k - a scroll of teleportation {unknown}
 m - a scroll of immolation {unknown}
Potions
 o - a potion of lignification
Books
 b - a book of Air

   Spells                             Type                      Level
   a - Shock                          Conjuration/Air              1
   b - Swiftness                      Charms/Air                   2
   c - Static Discharge               Conjuration/Air              3
   d - Airstrike                      Air                          4
   e - Lightning Bolt                 Conjuration/Air              5
Comestibles
 c - a bread ration


   Skills:
 - Level 0.2 Fighting
 - Level 0.8 Slings
 + Level 2.6 Dodging
 + Level 2.0 Stealth
 * Level 2.4 Spellcasting
 + Level 2.3 Conjurations
 * Level 4.7 Air Magic


You had 2 spell levels left.
You knew the following spells:

 Your Spells              Type           Power        Failure   Level  Hunger
a - Shock                 Conj/Air       ##..         6%          1    #......
b - Static Discharge      Conj/Air       ##......     14%         3    ###....


Dungeon Overview and Level Annotations

Branches:
Dungeon (3/15)

Altars:


Innate Abilities, Weirdness & Mutations

You have a beak for a mouth.
You have claws for feet.


Message History

You are feeling very hungry.
The adder bites you.
Casting: Shock
Confirm with . or Enter, or press ? or * to list all spells.
Aiming: Shock
Press: ? - help, Shift-Dir - straight line, f/p - adder
Aim: an adder (lightly wounded)
You miscast Shock.
You are very lightly contaminated with residual magic.
Nothing appears to happen.
The adder bites you.
* * * LOW HITPOINT WARNING * * *
Casting: Shock
Confirm with . or Enter, or press ? or * to list all spells.
Aiming: Shock
Press: ? - help, Shift-Dir - straight line, f/p - adder
Aim: an adder (lightly wounded)
The zap hits the adder.
The adder is heavily wounded.
The adder bites you.
You die...

#.#....#...###.####... ....
.....†.)......(....... #..#
............##(####... ...
.....###....##.# ###. #...
#....##.####..... ....
#....###.#............. ....
#........#..##w#####..# ##
#.######.#..##S# #..# #.
#.#..##@#####..######.##
.######.#..#.........[........
............................##
.................##..## ##..##
.#######.............#####..##
#######.###.#.##.......(.....
#...........#.##.##..........
#.......###.#.##.####...#..##
#.......# #.#.##.####...#..##


You could see a worm and an adder.

Vanquished Creatures
  An adder (D:2)
  An ooze (D:1)
  3 dart slugs
  A leopard gecko (D:2)
  3 giant cockroaches (D:1)
  3 goblins
  4 hobgoblins (D:2)
  A quokka (D:2)
  6 bats
  2 frilled lizards (D:1)
  4 kobolds (D:1)
  4 rats
33 creatures vanquished.

Notes
Turn   | Place    | Note
-------+----------+-------------------------------------------
     0 | D:1      | wingedge the Tengu Air Elementalist began the quest for the Orb.
     0 | D:1      | Reached XP level 1. HP: 10/10 MP: 4/4
   191 | D:1      | Reached XP level 2. HP: 15/15 MP: 0/6
   829 | D:1      | Reached XP level 3. HP: 19/19 MP: 2/7
  1012 | D:1      | Learned a level 3 spell: Static Discharge
  1638 | D:2      | Slain by an adder

Vault maps used:
D:1:      onia_arrival_pentagram
D:2:      lemuel_doored_altar, minmay_tetromino_o4
D:3:      old_standard_altar, lemuel_crystal_altar,
          gammafunk_temple_overflow_statue, chequers_ecumenical_altar_island

Skill      XL: |  1  2  3 |
---------------+----------+-----
Conjurations   | 2 |  2.3
Fighting       | |  0.2
Slings         | |  0.8
Dodging        | |  2.6
Stealth        | |  2.0
Spellcasting   | |  2.4
Air Magic      | |  4.7

Action                   || total
-------------------------++-------
Melee: Club              ||     1
       Hunting sling     ||     1
       Peck              ||     1
 Fire: Hunting sling     ||    43
 Cast: Shock             ||    70
       Static Discharge  ||     7
  Use: Potion            ||     3
       Scroll            ||     1
  Eat: Chunk             ||     3
Armor: Robe              ||    13
       Skin              ||    33
Dodge: Dodged            ||    53
